 Dungeon Crawl Stone Soup version bcrawl-1.41 (webtiles) character file.

Game seed: 8843171676314897703

268936 Finalfun the Arsonist (level 9, 0/54 HPs)
             Began as a Fairy Fire Elementalist on Mar 25, 2024.
             Shot with an arrow by a centaur (5 damage)
             ... on level 6 of the Dungeon.
             The game lasted 00:14:13 (5288 turns).

Finalfun the Arsonist (Fairy Fire Elementalist)     Turns: 5288, Time: 00:14:14

Health: 0/54       AC:  6    Str:  6    XL:     9   Next: 8%
Magic:  19/19      EV: 16    Int: 22    God:
Gold:   293        SH:  6    Dex: 13    Spells: 6/20 levels left

rFire    . . .     GDR:     25%   - Fists (2.7)
rCold    . . .     SeeInvis .   (shield restricted)
rNeg     . . .     Gourm    .   (armour unavailable)
rPois    .         Faith    .   (no helmet)
rElec    .         Spirit   .   (no cloak)
rCorr    .         Reflect  .   (no gloves)
MR       .....                  (no boots)
Stlth    +.........             (no amulet)
HPRegen  0.19/turn              (no ring)
MPRegen  0.16/turn              (no ring)

@: flying evasively
A: small, magic attunement, unstealthy, unfitting armour, able to fly, AC/SH +6
a: Stop Flying


You were on level 6 of the Dungeon.
You were hungry.

You visited 1 branch of the dungeon, and saw 6 of its levels.

You collected 293 gold pieces.

Inventory:

Missiles
 c - 1914 stones (quivered)
 m - 328 arrows
Armour
 a - a +0 pair of boots
 g - a +1 helmet
Jewellery
 d - an uncursed amulet of faith {unknown}
 o - a cursed ring of ice {unknown}
 A - an uncursed ring of wizardry {unknown}
Wands
 b - a wand of flame (4)
Scrolls
 f - 2 scrolls of enchant weapon {unknown}
 i - a scroll of blinking {unknown}
 j - 2 scrolls of amnesia {unknown}
 p - 2 scrolls of fear {unknown}
 v - a scroll of teleportation {unknown}
 y - a scroll of silence {unknown}
 z - a scroll of remove curse {unknown}
Potions
 h - a potion of lignification {unknown}
 k - a potion of heal wounds {unknown}
 l - a potion of agility {unknown}
 q - 2 potions of ambrosia
 r - a potion of magic
 s - 2 potions of curing
 t - 2 potions of cancellation
 u - 2 potions of brilliance
 w - 2 potions of mutation
 x - a potion of haste {unknown}
Comestibles
 e - 15 rations {!d}


   Skills:
 - Level 2.0 Fighting
 - Level 2.6 Dodging
 - Level 1.5 Stealth
 + Level 6.3 Spellcasting
 + Level 6.3 Conjurations
 - Level 5.0 Transmutations
 + Level 8.9 Fire Magic


You had 6 spell levels left.
You knew the following spells:

 Your Spells              Type           Power        Failure   Level  Hunger
a - Flame Tongue          Conj/Fire      #####        1%          1    None
b - Conjure Flame         Conj/Fire      #####...     1%          3    None
c - Inner Flame           Hex/Fire       N/A          4%          3    None
d - Fireball              Conj/Fire      #####.....   11%         5    None
e - Sticks to Snakes      Tmut           ####....     1%          2    None

Your spell library contained the following spells:

 Spells                   Type           Power        Failure   Level  Hunger
 Beastly Appendage        Tmut           ####..       1%          1    None
 Flaming Arrows           Chrm/Fire      ####....     2%          2    None
 Sticky Flame             Conj/Fire      #####...     3%          4    None
 Passwall                 Tmut/Erth      ###.....     4%          2    None
 Spider Form              Tmut/Pois      ###          10%         3    None
 Ice Form                 Ice/Tmut       ###.....     32%         4    None
 Blade Hands              Tmut           ####......   32%         5    None


Dungeon Overview and Level Annotations

Branches:
Dungeon (6/12)
 Temple: D:4-7

Altars:
Cheibriados
Makhleb
Ru
The Shining One

Shops:
D:4 (

Annotations:
D:5 1 runed door


Innate Abilities, Weirdness & Mutations

Your spells do not cause hunger and MP costs are reduced by 1.
Your bright wings attract enemies. (Stealth-)
You cannot fit into any form of body armour.
Your shimmering scales are hard and can block incoming attacks. (AC +6, SH +6)
You are small and have problems with some larger weapons.
You can fly continuously.


Message History

The arrow hits you!
You hear a shout!
You reach down and open the door.
The centaur wields a +0 shortbow.
The centaur shoots an arrow.
The arrow closely misses you.
The centaur shoots an arrow.
The arrow hits you.
The centaur shoots an arrow.
The arrow hits you!
The centaur shoots an arrow.
The arrow hits you!
The centaur wields a +0 shortbow.
The centaur shoots an arrow.
The arrow barely misses you.
The centaur shoots an arrow.
The arrow barely misses you.
There is an open door, spattered with blood here.
The centaur shoots an arrow.
The arrow hits you!
* * * LOW HITPOINT WARNING * * *
The centaur shoots an arrow.
The arrow hits you.
* * * LOW HITPOINT WARNING * * *
The centaur shoots an arrow.
You block the arrow.
You reach down and close the door.
You reach down and open the door.
The centaur shoots an arrow.
The arrow hits you.
You die...

#..............#≈≈≈≈≈≈≈
#..............#≈≈≈≈≈≈.
#.....####......≈≈≈≈≈c.
#.....#..'......≈≈≈≈≈..
#.....#..#......≈≈≈≈cc.
#.....##.#.......≈≈≈c..
####......#.######..≈≈≈c.#
..........#......#..≈≈≈≈.#
..........'..>..@'...≈≈≈≈.
..........#......#...(≈≈≈≈
..........#+####+#.....≈≈≈
#'######..................
...#...#..................
...'...#..................
...#...#..........##+#....
...#...#..........# ...
...#...#..........#


You could see 3 centaurs.

Vanquished Creatures
  Prince Ribbit (D:5)
  Sigmund (D:3)
  2 sky beasts
  2 ogres
  A kobold brigand (D:3)
  2 scorpions (D:5)
  2 howler monkeys
  A crimson imp (D:4)
  An orc priest (D:5)
  2 hounds
  2 orc wizards
  Jessica (D:3)
  An iguana (D:5)
  Natasha (thrice) (D:3)
  6 worker ants
  2 hound zombies
  A mummy (D:5)
  A hound skeleton (D:4)
  2 worker ant zombies
  4 gnolls (D:3)
  3 adders
  A shadow imp (D:6)
  2 adder skeletons
  4 dart slugs
  4 worms
  7 leopard geckos
  14 orcs
  4 giant cockroaches
  13 goblins
  10 hobgoblins
  6 jackals
  A quokka (D:5)
  A ball python (D:4)
  10 bats
  3 frilled lizards
  12 kobolds
  9 rats
142 creatures vanquished.

Vanquished Creatures (collateral kills)
  2 crimson imps
  A jackal skeleton (D:5)
3 creatures vanquished.

Grand Total: 145 creatures vanquished

Notes
Turn   | Place    | Note
-------+----------+-------------------------------------------
     0 | D:1      | Finalfun the Fairy Fire Elementalist began the quest for
                  | the Orb.
     0 | D:1      | Reached XP level 1. HP: 11/11 MP: 5/5
   163 | D:1      | Reached skill level 1 in Fighting
   246 | D:1      | Reached XP level 2. HP: 18/18 MP: 6/6
   526 | D:1      | Reached XP level 3. HP: 24/24 MP: 8/8
   530 | D:1      | Learned a level 3 spell: Conjure Flame
   534 | D:1      | Learned a level 3 spell: Inner Flame
   966 | D:2      | Reached skill level 4 in Fire Magic
  1087 | D:2      | Reached XP level 4. HP: 29/29 MP: 9/9
  1631 | D:3      | Reached XP level 5. HP: 30/34 MP: 11/11
  1734 | D:3      | Found a glowing golden altar of the Shining One.
  1822 | D:3      | Reached skill level 5 in Fire Magic
  1822 | D:3      | Reached XP level 6. HP: 28/39 MP: 13/13
  1981 | D:3      | Noticed Natasha
  1992 | D:3      | Killed Natasha
  2050 | D:3      | Reached skill level 5 in Spellcasting
  2090 | D:3      | Noticed Sigmund
  2112 | D:3      | Killed Sigmund
  2113 | D:3      | Reached skill level 5 in Conjurations
  2113 | D:3      | Reached skill level 6 in Fire Magic
  2113 | D:3      | Reached XP level 7. HP: 44/45 MP: 13/15
  2119 | D:3      | Learned a level 5 spell: Fireball
  2175 | D:3      | Noticed Natasha
  2180 | D:3      | Killed Natasha
  2376 | D:3      | Noticed Jessica
  2386 | D:3      | Killed Jessica
  2456 | D:3      | Noticed Natasha
  2459 | D:3      | Killed Natasha
  2923 | D:5      | Entered Level 5 of the Dungeon
  2958 | D:5      | Reached skill level 7 in Fire Magic
  3267 | D:4      | Learned a level 2 spell: Sticks to Snakes
  3423 | D:4      | Found Virphev's Antique Weapon Emporium.
  3464 | D:4      | Reached skill level 1 in Transmutations
  3773 | D:4      | Reached skill level 8 in Fire Magic
  3773 | D:4      | Reached XP level 8. HP: 23/50 MP: 13/16
  3907 | D:4      | Found a burning altar of Makhleb.
  4363 | D:5      | Found a runed door.
  4402 | D:5      | Noticed Prince Ribbit
  4423 | D:5      | Killed Prince Ribbit
  4424 | D:5      | Reached skill level 5 in Transmutations
  4756 | D:5      | Found a snail-covered altar of Cheibriados.
  4921 | D:5      | Found a sacrificial altar of Ru.
  5212 | D:6      | Reached XP level 9. HP: 54/54 MP: 19/19
  5288 | D:6      | Shot with an arrow by a centaur

Skill      XL: |  1  2  3  4  5  6  7  8 |
---------------+-------------------------+-----
Fighting       | 1 2 |  2.0
Spellcasting   | 3 4 5 6 |  6.3
Fire Magic     | 4 5 6 8 |  8.9
Conjurations   | 2 3 5 6 |  6.3
Transmutations | 2 5 |  5.0
Dodging        | |  2.6
Stealth        | |  1.5

Action                   |  1- 3 |  4- 6 |  7- 9 || total
-------------------------+-------+-------+-------++-------
Melee: Unarmed           |     1 |     2 |    31 ||    34
 Cast: Flame Tongue      |    76 |   107 |   173 ||   356
       Conjure Flame     |       |     4 |     8 ||    12
       Sticks to Snakes  |       |       |    10 ||    10
  Use: Scroll            |       |     2 |     4 ||     6
 Stab: Distracted        |       |       |     1 ||     1
  Eat: Chunk             |       |     4 |    10 ||    14
Armor: Skin              |     2 |     7 |    17 ||    26
Dodge: Dodged            |    16 |    27 |    56 ||    99
Block: Other             |     3 |     5 |    17 ||    25
